 Dungeon Crawl Stone Soup version 0.13-a0-2244-g236abbe (webtiles) character file.

777 Drahman the Insei (level 7, 0/58 HPs)
             Began as a Pale Draconian Monk on July 5, 2013.
             Slain by Pikel
             ... wielding a +1,+2 whip of electrocution
              (6 damage)
             ... on Level 4 of the Dungeon.
             The game lasted 00:13:35 (4755 turns).

Drahman the Insei (Pale Draconian Monk)             Turns: 4755, Time: 00:13:35

HP   0/58        AC  6     Str 13      XL: 7   Next: 22%
MP   6/6         EV 15     Int 10      God:
Gold 154         SH  0     Dex 17      Spells:  0 memorised,  6 levels left

Res.Fire  : . . .   See Invis. : .     - Unarmed
Res.Cold  : . . .   Warding    : .   (armour unavailable)
Life Prot.: . . .   Conserve   : .   (no shield)
Res.Poison: .       Res.Corr.  : .   (helmet restricted)
Res.Elec. : .       Clarity    : .   (no cloak)
Sust.Abil.: . .     Spirit.Shd : .   (no gloves)
Res.Mut.  : .       Stasis     : .   (no boots)
Res.Rott. : .       Flight     : .   (no amulet)
Saprovore : . . .                    (no ring)
                                     c - +1 ring of dexterity

@: slightly resistant to hostile enchantments, stealthy
A: breathe steam, unfitting armour, AC +6
a: Breathe Steam


You were on level 4 of the Dungeon.
You were hungry.

You visited 1 branch of the dungeon, and saw 4 of its levels.

You collected 154 gold pieces.

Inventory:

Magical devices
 v - a wand of magic darts (3)
Comestibles
 b - 3 bread rations
 d - an apple
 f - a choko
 g - a pear
 u - 2 sausages
Scrolls
 h - 3 scrolls of enchant weapon I
 i - a scroll of magic mapping
 j - 4 scrolls of remove curse {unknown}
 k - 2 scrolls of identify
 n - a scroll of fog
 t - a scroll of recharging {unknown}
Jewellery
 c - a +1 ring of dexterity (left hand)
Potions
 a - a potion of brilliance
 e - 2 potions of curing


   Skills:
 + Level 5.0 Fighting
 * Level 5.2 Dodging
 + Level 3.9 Stealth
 + Level 5.2 Unarmed Combat


You had 6 spell levels left.
You didn't know any spells.

Dungeon Overview and Level Annotations

Branches:
Dungeon (4/27)
 Temple: D:4-7

Altars:
Ashenzari
Elyvilon
Sif Muna
Vehumet
Xom

Annotations
D:4 exclusion: statue, Ijyb, Pikel


Message History

Things that are here:
a gnarled smoking staff; an orcish scale mail
Things that are here:
an orcish dagger; an orcish club; an orcish club Pikel hits you with a whip of electrocution.
* * * LOW HITPOINT WARNING * * *
Drink which item? (? for menu, Esc to quit)
You feel better. Pikel hits you but does no damage.
You are electrocuted!
* * * LOW HITPOINT WARNING * * *
Read which item? (? for menu, Esc to quit)
As you read the scroll labeled BYSTIL SHRUPN, it crumbles to dust.
You assume a fearsome visage.
Pikel looks frightened!
It was a scroll of fear.
You catch the helpless Pikel completely off-guard!
You hit Pikel. You tail-slap Pikel.
Pikel is lightly wounded.
Pikel misses you.
You closely miss Pikel.
Pikel is lightly wounded.
Pikel hits you with a whip of electrocution.
You die...

#.............).....#
##
##...###............#
.. ...#.P..#
#............# .#
....P..##
#.).....(....# ...
#.P...P
##...........#....
##.PP.P#
#...........# #.#####
.P...## #...........#
#...... .....#
#####...........#
#...... .)...#
#.)|.).K@.......#
#...... .....#
#.###...)......##
#...... .....####.#
########(######......
.#........#
#............#
.#........#
#######.#....#
.#........# #.#....#
@#........# #.#(...#
o########.# #.#....#
## ....
#######.#....#


You could see Pikel.

Vanquished Creatures
  Eustachio (D:4)
  A slave (D:4)
  Blork the orc (D:4)
  A black bear skeleton (D:4)
  2 hounds (D:4)
  An orc priest (D:4)
  3 orc wizards
  2 worker ants (D:4)
  3 gnolls (D:3)
  4 adders
  A bat skeleton (D:4)
  2 giant geckos (D:2)
  2 oozes
  8 orcs
  A ball python (D:4)
  13 hobgoblins
  14 jackals
  10 bats
  4 giant cockroaches
  3 giant newts
  11 goblins
  5 kobolds
  An orc skeleton (D:4)
  5 rats
99 creatures vanquished.

Notes
Turn   | Place    | Note
--------------------------------------------------------------
     0 | D:1      | Drahman, the Draconian Monk, began the quest for the Orb.
     0 | D:1      | Reached XP level 1. HP: 17/17 MP: 0/0
   286 | D:1      | Reached XP level 2. HP: 19/24 MP: 1/1
  1123 | D:2      | Reached XP level 3. HP: 23/30 MP: 2/2
  1389 | D:2      | Found a white marble altar of Elyvilon.
  2089 | D:3      | Reached XP level 4. HP: 37/37 MP: 3/3
  2259 | D:3      | Found a shimmering altar of Xom.
  2259 | D:3      | Found a shattered altar of Ashenzari.
  2260 | D:3      | Found a deep blue altar of Sif Muna.
  2720 | D:3      | Reached XP level 5. HP: 16/44 MP: 4/4
  3224 | D:4      | Reached XP level 6. HP: 20/51 MP: 5/5
  3225 | D:4      | Noticed Blork the orc
  3368 | D:4      | Killed Blork the orc
  3582 | D:4      | Noticed a slave
  3626 | D:4      | Killed a slave
  4013 | D:4      | Found a radiant altar of Vehumet.
  4018 | D:4      | Noticed Eustachio
  4038 | D:4      | Noticed a slave
  4039 | D:4      | Noticed a slave
  4041 | D:4      | Noticed Pikel
  4043 | D:4      | Noticed a slave
  4044 | D:4      | Noticed Ijyb
  4342 | D:4      | Killed Eustachio
  4342 | D:4      | Reached skill level 5 in Dodging
  4342 | D:4      | Reached skill level 5 in Unarmed Combat
  4342 | D:4      | Your scales start fading to a pale cyan-grey colour.
  4342 | D:4      | Reached XP level 7. HP: 14/58 MP: 6/6
  4360 | D:4      | Reached skill level 5 in Fighting
  4755 | D:4      | Slain by Pikel

Action                   |  1- 3 |  4- 6 |  7- 9 || total
-------------------------+-------+-------+-------++-------
Melee: Unarmed           |   186 |   233 |    45 ||   464
Evoke: Wand              |       |       |     6 ||     6
  Use: Potion            |       |     6 |     2 ||     8
       Scroll            |       |     5 |     1 ||     6
 Stab: Sleeping          |       |     2 |       ||     2
       Distracted        |       |     1 |       ||     1
       Fleeing           |       |       |     1 ||     1
